 Dungeon Crawl Stone Soup version 0.22-a0-565-gfc6459a (webtiles) character file.

3339 Azzur the Blocker (level 10, -1/61 HPs)
             Began as a Gargoyle Fighter on June 28, 2018.
             Was an Elder of Okawaru.
             Slain by a two-headed ogre
             ... wielding a +0 giant club
              (6 damage)
             ... on level 7 of the Dungeon.
             The game lasted 00:39:38 (6211 turns).

Azzur the Blocker (Gargoyle Fighter)                Turns: 6211, Time: 00:39:39

Health: -1/61      AC: 36    Str: 22 (23) XL:     10   Next: 2%
Magic:  10/10      EV:  5    Int:  7 (9)  God:    Okawaru [****..]
Gold:   341        SH: 11    Dex:  8 (9)  Spells: 9/9 levels left

rFire    . . .     SeeInvis .   F - +3 flail (protect)
rCold    + . .     Gourm    .   c - +0 shield
rNeg     + . .     Faith    +   w - +0 plate armour
rPois    ∞         Spirit   .   z - +0 helmet
rElec    +         Reflect  .   M - +1 cloak
rCorr    .         Harm     .   a - +2 pair of gloves
MR       .....                  B - +1 pair of boots
Stlth    ..........             h - amulet of faith
HPRegen  0.20/turn              m - ring of protection from cold
MPRegen  0.12/turn              (no ring)

@: protection aura
A: negative energy resistance 1, electricity resistance, unbreathing,
petrification resistance, rot immunity, AC +7
a: Heroism, Renounce Religion


You were on level 7 of the Dungeon.
You worshipped Okawaru.
Okawaru was greatly pleased with you.
You were not hungry.

You visited 2 branches of the dungeon, and saw 9 of its levels.

You collected 341 gold pieces.

Inventory:

Hand Weapons
 F - a +3 flail of protection (weapon)
 L - a +4 quarterstaff of chaos
Armour
 a - a +2 pair of gloves (worn)
 c - a +0 shield (worn)
 t - a +1 leather armour of poison resistance
 w - a +0 plate armour (worn)
 z - a +0 helmet (worn)
 B - a +1 pair of boots (worn)
 M - a +1 cloak (worn)
Jewellery
 h - an amulet of faith (around neck)
 m - a ring of protection from cold (left hand)
 A - an uncursed amulet of magic regeneration
Wands
 y - a wand of enslavement (27)
 H - a wand of random effects (22)
 J - a wand of polymorph (12)
Scrolls
 e - 2 scrolls of remove curse
 i - a scroll of identify
 j - 2 scrolls of enchant weapon
 o - a scroll of fear {unknown}
 p - 2 scrolls of random uselessness {unknown}
 v - 2 scrolls of immolation {unknown}
 x - a scroll of blinking {unknown}
 C - 3 scrolls of amnesia
 G - 2 scrolls of magic mapping {unknown}
 K - a scroll of fog {unknown}
Potions
 d - a potion of might
 g - a potion of brilliance {unknown}
 k - a potion of resistance {unknown}
 l - a potion of flight {unknown}
 r - 2 potions of degeneration
 s - a potion of ambrosia {unknown}
 u - a potion of berserk rage
 D - a potion of heal wounds {unknown}
 E - a potion of lignification {unknown}
 I - a potion of cancellation {unknown}
Comestibles
 b - 2 chunks of flesh
 f - 11 rations


   Skills:
 * Level 6.9 Fighting
   Level 1.7 Short Blades
 * Level 8.1 Maces & Flails
   Level 1.0 Polearms
 * Level 6.9 Armour
 - Level 1.0 Dodging
 - Level 0.2 Stealth
 * Level 8.9 Shields


You had 9 spell levels left.
You didn't know any spells.
Your spell library contained the following spells:

 Spells                   Type           Power        Failure   Level  Hunger
 Magic Dart               Conj           #...         100%        1    ##.....
 Conjure Flame            Conj/Fire      #.......     100%        3    ####...
 Slow                     Hex            #.......     100%        2    ###....
 Mephitic Cloud           Conj/Pois/Air  #.......     100%        3    ####...
 Blink                    Tloc           N/A          100%        2    ###....
 Call Imp                 Summ           #.......     100%        2    ###....


Dungeon Overview and Level Annotations

Branches:
Dungeon (8/15)             Temple (1/1) D:5
   Lair: D:8-11

Altars:
Cheibriados
Elyvilon
Fedhas
Hepliaklqana
Kikubaaqudgha
Makhleb
Nemelex Xobeh
Okawaru
Ru
Sif Muna
Uskayaw
Wu Jian
Xom
Yredelemnul
Zin
The Shining One

Shops:
D:4 (


Innate Abilities, Weirdness & Mutations

You are resistant to torment.
Your stone body is resilient. (AC +7)
You are immune to poison.
You resist negative energy. (rN+)
You are resistant to electric shocks. (rElec)
You can survive without breathing.
You are immune to petrification.
You are immune to rotting.


Message History

The two-headed ogre hits you but does no damage.
Okay, then.
Okay, then.
You climb downwards.
There is a stone staircase leading up here.
You block the two-headed ogre's attack.
The two-headed ogre hits you with a giant club!
* * * LOW HITPOINT WARNING * * *
You climb upwards.
There is a stone staircase leading down here.
You see here 20 stones.
You hit the two-headed ogre.
Your weapon exudes an aura of protection.
The two-headed ogre is heavily wounded.
You block the two-headed ogre's attack.
The two-headed ogre hits you but does no damage.
You sock the two-headed ogre!
The two-headed ogre is severely wounded.
The two-headed ogre hits you with a giant club.
You die...

#...#..#.#..##..........#
##################....###
#.....#....#..
#.....#....#..
#.....#....'..
#.....#....#..
###############'###....###
#.........>..............)
#........@O...............
#.........................
#.........................
#.........................
#.........................
#####.......####....######
#.......'..'....#
#.......#..#....#
####.......####....###


You could see a two-headed ogre.

Vanquished Creatures
  Joseph (D:7)
  A hippogriff (D:7)
  Menkaure (D:6)
  Edmund (D:4)
  The ghost of Darkshadow the Skirmisher, an amateur GrFi (D:6)
  2 orc warriors (D:6)
  An ice beast (D:7)
  A black bear (D:6)
  6 necrophages (D:6)
  An ogre (D:6)
  2 centaurs
  2 bullfrogs (D:7)
  2 scorpions
  3 howler monkeys (D:7)
  3 crimson imps
  4 hounds
  An orc priest (D:6)
  A jelly (D:6)
  An orc wizard (D:3)
  Crazy Yiuf (D:6)
  Jessica (D:2)
  4 bullfrog skeletons
  Ijyb (D:3)
  11 worker ants
  A hound zombie (D:6)
  Robin (D:4)
  A worker ant zombie (D:3)
  6 gnolls
  A howler monkey skeleton (D:7)
  5 adders
  2 shadow imps
  2 oozes
  An adder zombie (D:6)
  A worm (D:3)
  A dart slug (D:1)
  A leopard gecko (D:2)
  14 orcs
  3 bats
  5 giant cockroaches
  12 goblins
  8 hobgoblins
  6 jackals (D:1)
  4 kobolds
  3 quokkas
  2 ball pythons
  7 frilled lizards
  A quokka skeleton (D:4)
  3 rats
  A bush (D:6)
  A butterfly (D:5)
  A fungus (D:6)
147 creatures vanquished.

Vanquished Creatures (others)
  6 plants (D:6)
6 creatures vanquished.

Grand Total: 153 creatures vanquished

Notes
Turn   | Place    | Note
-------+----------+-------------------------------------------
     0 | D:1      | Azzur the Gargoyle Fighter began the quest for the Orb.
     0 | D:1      | Reached XP level 1. HP: 14/14 MP: 1/1
    63 | D:1      | Reached XP level 2. HP: 17/19 MP: 2/2
   781 | D:2      | Reached XP level 3. HP: 24/24 MP: 3/3
   797 | D:2      | Noticed Jessica
   799 | D:2      | Killed Jessica
   832 | D:2      | Reached XP level 4. HP: 29/29 MP: 4/4
   872 | D:2      | You fall through a shaft!
  1556 | D:3      | Noticed Ijyb
  1572 | D:3      | Killed Ijyb
  1572 | D:3      | Reached skill level 1 in Short Blades
  1580 | D:3      | Reached XP level 5. HP: 31/33 MP: 5/5
  2045 | D:4      | Reached XP level 6. HP: 38/38 MP: 6/6
  2380 | D:4      | Noticed Robin
  2387 | D:4      | Reached skill level 5 in Shields
  2391 | D:4      | Killed Robin
  2605 | D:4      | Reached XP level 7. HP: 42/44 MP: 7/7
  2739 | D:4      | Noticed Edmund
  2764 | D:4      | Killed Edmund
  2764 | D:4      | Reached skill level 1 in Polearms
  2764 | D:4      | Reached skill level 1 in Dodging
  2954 | D:4      | Found Jeptowee's Weapon Boutique.
  2993 | D:5      | Entered Level 5 of the Dungeon
  3191 | D:5      | Reached skill level 5 in Fighting
  3195 | D:5      | Reached skill level 5 in Armour
  3204 | D:5      | Found a shimmering altar of Xom.
  3713 | D:5      | Found a staircase to the Ecumenical Temple.
  3719 | Temple   | Entered the Ecumenical Temple
  3735 | Temple   | Became a worshipper of Warmaster Okawaru
  3829 | D:6      | Reached XP level 8. HP: 37/49 MP: 8/8
  3975 | D:6      | Reached skill level 5 in Maces & Flails
  4040 | D:6      | Noticed Menkaure
  4052 | D:6      | Killed Menkaure
  4052 | D:6      | Reached * piety under Okawaru
  4068 | D:6      | Found a transporter.
  4071 | D:6      | Noticed Darkshadow's ghost (amateur GrFi)
  4073 | D:6      | Found a transporter.
  4139 | D:6      | Reached ** piety under Okawaru
  4522 | D:6      | Killed Darkshadow's ghost
  4522 | D:6      | Reached XP level 9. HP: 37/55 MP: 9/9
  4754 | D:6      | Found a blossoming altar of Fedhas.
  4893 | D:6      | Reached *** piety under Okawaru
  5143 | D:6      | Found a runed door.
  5147 | D:6      | Noticed Crazy Yiuf
  5157 | D:6      | Killed Crazy Yiuf
  5236 | D:7      | Noticed Joseph
  5253 | D:7      | Killed Joseph
  5526 | D:7      | Reached **** piety under Okawaru
  5785 | D:7      | Reached XP level 10. HP: 51/61 MP: 10/10
  6168 | D:8      | Noticed a two-headed ogre
  6211 | D:7      | Slain by a two-headed ogre

Vault maps used:
D:1:      giann_bridges, serial_forest, infiniplex_forest_lined_3,
          infiniplex_forest_clump_cross, infiniplex_forest_corner_1,
          infiniplex_forest_straight_2, infiniplex_forest_lined_corner
D:2:      uniq_jessica
D:3:      minmay_misc_feat_more_columns, uniq_ijyb
D:4:      serial_shops, shop, uniq_edmund, uniq_robin
D:5:      xom_butterflies, minmay_temple_entry_fiery, first_ration, st_stairs_14
D:6:      cheibrodos_quashed, gammafunk_ghost_arena, fedhas_altar_decomposition,
          uniq_menkaure, uniq_crazy_yiuf_cottage
D:7:      uniq_joseph
D:8:      gammafunk_wand_slinger, uniq_grum
Temple:   grunt_wide_crystal_templ

Skill      XL: |  1  2  3  4  5  6  7  8  9 |
---------------+----------------------------+-----
Shields        | 4 5 7 8 |  8.9
Short Blades   | 1 |  1.7
Armour         | 4 5 6 |  6.9
Fighting       | 4 5 6 |  6.9
Maces & Flails | 3 4 6 8 |  8.1
Polearms       | 1 |  1.0
Dodging        | 1 |  1.0
Stealth        | |  0.2

Action                   |  1- 3 |  4- 6 |  7- 9 | 10-12 || total
-------------------------+-------+-------+-------+-------++-------
Melee: Flail             |    39 |   118 |   415 |    43 ||   615
       Short sword       |    71 |       |       |       ||    71
       Dagger            |     5 |    80 |       |       ||    85
       Trident           |       |    63 |       |       ||    63
  Use: Scroll            |     3 |     2 |    10 |       ||    15
       Potion            |       |       |     5 |       ||     5
  Eat: Chunk             |       |     6 |     7 |     2 ||    15
       Ration            |       |       |     1 |       ||     1
Armor: Scale mail        |    67 |    29 |    96 |       ||   192
       Leather armour    |       |    57 |       |       ||    57
       Plate armour      |       |       |    83 |    24 ||   107
Dodge: Dodged            |    52 |    59 |    85 |     9 ||   205
Block: Shield            |    54 |   116 |   187 |    21 ||   378

Table legend:
 A = Spawn XP
 B = Non-spawn XP
 C = Spawn XP percentage of total XP
 D = Spawn monster count
 E = Non-spawn monster count
 F = Spawn count percentage of total count
 G = Total turns spent on level
                    A         B        C        D         E        F      G
               +---------+---------+-------+---------+---------+-------+---------
         Total |       0 |    4770 |   0.0 |       0 |     144 |   0.0 |  6211
               +---------+---------+-------+---------+---------+-------+---------
           D:1 |       0 |      30 |   0.0 |       0 |      15 |   0.0 |   556
           D:2 |       0 |      61 |   0.0 |       0 |      11 |   0.0 |   717
           D:3 |       0 |     148 |   0.0 |       0 |      26 |   0.0 |   709
           D:4 |       0 |     597 |   0.0 |       0 |      31 |   0.0 |  1011
           D:5 |       0 |     289 |   0.0 |       0 |       7 |   0.0 |   799
           D:6 |       0 |    2083 |   0.0 |       0 |      29 |   0.0 |  1388
           D:7 |       0 |    1562 |   0.0 |       0 |      25 |   0.0 |   997
               +---------+---------+-------+---------+---------+-------+---------
